 Dungeon Crawl Stone Soup version 0.21-a0-344-g2144152 (webtiles) character file.

54 tidbits the Grave Robber (level 3, 14/14 HPs)
             Began as a Felid Necromancer on Oct 4, 2017.
             Quit the game on level 5 of the Dungeon.
             The game lasted 00:06:55 (1394 turns).

tidbits the Grave Robber (Felid Necromancer)        Turns: 1394, Time: 00:06:55

Health: 14/14      AC:  1    Str:  4    XL:     3   Next: 66%
Magic:  8/8        EV: 18    Int: 17    God:
Gold:   99         SH:  0    Dex: 16    Spells: 5/7 levels left
                                        Lives:  0   Deaths: 1

rFire    . . .     SeeInvis +   (weapon unavailable)
rCold    . . .     Gourm    .   (shield unavailable)
rNeg     . . .     Faith    .   (armour unavailable)
rPois    .         Spirit   .   (helmet unavailable)
rElec    .         Reflect  .   (cloak unavailable)
rCorr    .         Harm     .   (gloves unavailable)
MR       .....                  (boots unavailable)
Stlth    +++.......             (no amulet)
HPRegen  0.04/turn              (no ring)
MPRegen  0.11/turn              (no ring)

@: quick
A: no armour, no weapons or thrown items, stealth, claws 1, fangs 3, see
invisible, carnivore 3, speed 1, shaggy fur 1, slow metabolism 1, sharp paws
a: no special abilities


You were on level 5 of the Dungeon.
You were not hungry.

You visited 1 branch of the dungeon, and saw 5 of its levels.

You collected 99 gold pieces.

Inventory:

Missiles
 e - 15 arrows
Scrolls
 c - 2 scrolls of remove curse {unknown}
 d - a scroll of teleportation {unknown}
 f - a scroll of recharging {unknown}
 g - 2 scrolls of identify {unknown}
 i - a scroll of enchant armour {unknown}
Potions
 h - a potion of haste
 j - a potion of degeneration {unknown}
 k - a potion of lignification {unknown}
 m - a potion of brilliance {unknown}
Books
 a - a book of Necromancy

   Spells                             Type                      Level
   a - Pain                           Necromancy                   1
   b - Animate Skeleton               Necromancy                   1
   c - Vampiric Draining              Necromancy                   3
   d - Regeneration                   Charms/Necromancy            3
   e - Animate Dead                   Necromancy                   4
   f - Control Undead                 Necromancy                   4
Comestibles
 b - a meat ration
 l - 5 chunks of flesh


   Skills:
 - Level 3.0 Dodging
 + Level 3.4 Stealth
 + Level 0.6 Unarmed Combat
 + Level 2.9 Spellcasting
 * Level 5.1 Necromancy


You had 5 spell levels left.
You knew the following spells:

 Your Spells              Type           Power        Failure   Level  Hunger
a - Pain                  Necr           ###.         1%          1    #......
n - Animate Skeleton      Necr           N/A          1%          1    #......


Dungeon Overview and Level Annotations

Branches:
Dungeon (5/15)
 Temple: D:4-7

Altars:
Kikubaaqudgha

Annotations:
D:5 Dowan, Duvessa


Innate Abilities, Weirdness & Mutations

You cannot wear armour.
You are incapable of wielding weapons or throwing items.
Your paws allow you to move quietly. (Stealth)
You have sharp claws.
You have razor-sharp teeth.
You have supernaturally acute eyesight. (SInv)
You are carnivorous and can eat meat at any time.
You cover ground quickly.
You are covered in fur. (AC +1)
You have a slow metabolism.
Your sharp claws are effective at attacking unaware monsters.


Message History

Confirm with . or Enter, or press ? or * to list all spells.
Aiming: Pain
Press: ? - help, Shift-Dir - straight line, f/p - goblin
Aim: a goblin, wielding a dagger (moderately wounded, chance to defeat MR: 89%)
The goblin writhes in agony!
You kill the goblin!
Things that are here:
a dagger; a goblin corpse You butcher the goblin corpse.
l - 5 chunks of flesh (gained 2)
You see here a dagger.
You found a teleport trap!
There is a stone staircase leading down here.
You climb downwards.
You hear the sound of rushing water.
There is an entrance to a sewer on this level.
Hurry and find it before the portal rusts away!
There is a stone staircase leading up here.
Found 9 gold pieces.
You now have 84 gold pieces (gained 9).
Found an escape hatch in the floor.
There is an escape hatch in the floor here.
Found 15 stones.
You found a teleport trap!
Really walk into that teleport trap?
Okay, then.
You see here 15 stones.
Found 15 gold pieces.
You now have 99 gold pieces (gained 15).
A water moccasin skeleton comes into view.
You pounce on the unaware helpless water moccasin skeleton!
You claw the water moccasin skeleton!
The water moccasin skeleton is moderately damaged.
The water moccasin skeleton closely misses you.
Wield which item (- for none, * to show all)? (? for menu, Esc to quit)
Your mouth is already empty.
It was a potion of haste.
You feel yourself speed up.
The water moccasin skeleton closely misses you.
You scratch the water moccasin skeleton but do no damage.
The water moccasin skeleton is moderately damaged.
The water moccasin skeleton closely misses you.
You scratch the water moccasin skeleton.
The water moccasin skeleton is moderately damaged.
The water moccasin skeleton closely misses you.
You scratch the water moccasin skeleton.
The water moccasin skeleton is moderately damaged.
The water moccasin skeleton barely misses you.
You closely miss the water moccasin skeleton.
The water moccasin skeleton is moderately damaged.
You barely miss the water moccasin skeleton.
The water moccasin skeleton is moderately damaged.
The water moccasin skeleton misses you.
You scratch the water moccasin skeleton.
The water moccasin skeleton is heavily damaged.
The water moccasin skeleton closely misses you.
You scratch the water moccasin skeleton.
The water moccasin skeleton is heavily damaged.
The water moccasin skeleton completely misses you.
You scratch the water moccasin skeleton.
The water moccasin skeleton is heavily damaged.
The water moccasin skeleton closely misses you.
You scratch the water moccasin skeleton.
Your bite misses the water moccasin skeleton.
The water moccasin skeleton is severely damaged.
You barely miss the water moccasin skeleton.
The water moccasin skeleton is severely damaged.
The water moccasin skeleton bites you.
* * * LOW HITPOINT WARNING * * *
You scratch the water moccasin skeleton.
The water moccasin skeleton is severely damaged.
The water moccasin skeleton misses you.
You scratch the water moccasin skeleton.
You bite the water moccasin skeleton.
The water moccasin skeleton is almost destroyed.
The water moccasin skeleton barely misses you.
You scratch the water moccasin skeleton.
You destroy the water moccasin skeleton!
Your Necromancy skill increases to level 5!
Found a fizzy pink potion.
Found a stone staircase leading down.
Found a stone staircase leading down.
m - a fizzy pink potion You hear the slow rusting of a distant drain.
There is a stone staircase leading down here.
An orc wizard comes into view. It is wielding a dagger.
Found 15 gold pieces.
There is a stone staircase leading down here.
You climb downwards.
Duvessa and Dowan come into view.
Found 18 gold pieces.
There is a stone staircase leading up here.
The helpless Duvessa fails to defend herself.
You scratch Duvessa.
Duvessa is lightly wounded.
Duvessa hits you with a short sword!
Ouch! That really hurt!
You stop ascending the stairs.
You die...
You are now level 3!
You rejoin the land of the living...
Okay, then.
Are you sure you want to abandon this character and quit the game? (Confirm with "yes".)

. .. ..#
#. #. ..#
.##.##..
......#
.....
#... #..#
#.@#
#.......#
#.##.##.#
.. #..
... ...
.. .##. .
. . #. ##


There were no monsters in sight!

Vanquished Creatures
  A water moccasin skeleton (D:4)
  2 gnolls (D:1)
  2 adders (D:2)
  An ooze (D:2)
  2 leopard geckos (D:1)
  A ball python (D:1)
  2 goblins
  6 hobgoblins
  A quokka (D:2)
  2 bats (D:1)
  2 frilled lizards (D:1)
  3 kobolds
  4 rats
29 creatures vanquished.

Notes
Turn   | Place    | Note
-------+----------+-------------------------------------------
     0 | D:1      | tidbits the Felid Necromancer began the quest for the Orb.
     0 | D:1      | Reached XP level 1. HP: 7/7 MP: 4/4
    74 | D:2      | Reached skill level 3 in Dodging
    74 | D:2      | Reached skill level 3 in Stealth
    74 | D:2      | Reached XP level 2. HP: 5/11 MP: 0/6
   107 | D:2      | Learned a level 1 spell: Animate Skeleton
   667 | D:2      | Found an ancient bone altar of Kikubaaqudgha.
   744 | D:1      | Reached XP level 3. HP: 3/14 MP: 0/7
  1048 | D:2      | HP: 1/14 [ooze (2)]
  1301 | D:3      | Reached XP level 4. HP: 5/18 MP: 9/9
  1377 | D:4      | Reached skill level 5 in Necromancy
  1391 | D:5      | Entered Level 5 of the Dungeon
  1391 | D:5      | Noticed Duvessa
  1391 | D:5      | Noticed Dowan
  1393 | D:5      | Mangled by Duvessa
  1394 | D:5      | Reached XP level 3. HP: -6/14 MP: 8/8
  1394 | D:5      | Quit the game

Vault maps used:
D:1:      dpeg_arrival_houses_and_road
D:2:      lemuel_round_altar, first_bread
D:3:      nicolae_ru_sacrificial_ziggurat, elyvilon_altar_5, uniq_sigmund
D:4:      minmay_temple_entry_statues_fountains, gup_sewer_entry_spiral
D:5:      nicolae_ashenzari_panopticon, uniq_duvessa, uniq_blork_the_orc

Skill      XL: |  1  2  3  4 |
---------------+-------------+-----
Dodging        | 3 |  3.0
Stealth        | 3 |  3.4
Necromancy     | 5 |  5.1
Unarmed Combat | |  0.6
Spellcasting   | |  2.9

Action                   |  1- 3 |  4- 6 || total
-------------------------+-------+-------++-------
Melee: Unarmed           |     1 |    15 ||    16
       Bite              |       |     1 ||     1
 Cast: Pain              |    70 |     3 ||    73
       Animate Skeleton  |     1 |       ||     1
  Use: Potion            |     2 |     1 ||     3
       Scroll            |     1 |       ||     1
 Stab: Sleeping          |     1 |     2 ||     3
  Eat: Chunk             |     9 |     1 ||    10
Dodge: Dodged            |    13 |    11 ||    24

Table legend:
 A = Spawn XP
 B = Non-spawn XP
 C = Spawn XP percentage of total XP
 D = Spawn monster count
 E = Non-spawn monster count
 F = Spawn count percentage of total count
 G = Total turns spent on level
                    A         B        C        D         E        F      G
               +---------+---------+-------+---------+---------+-------+---------
         Total |       0 |     163 |   0.0 |       0 |      29 |   0.0 |  1394
               +---------+---------+-------+---------+---------+-------+---------
           D:1 |       0 |      52 |   0.0 |       0 |      17 |   0.0 |   875
           D:2 |       0 |      43 |   0.0 |       0 |       9 |   0.0 |   424
           D:3 |       0 |       4 |   0.0 |       0 |       2 |   0.0 |    21
           D:4 |       0 |      64 |   0.0 |       0 |       1 |   0.0 |    71
               +---------+---------+-------+---------+---------+-------+---------

Table legend:
 A = Turns spent in this place as a percentage of turns spent in the entire game.
 B = Non-inter-level travel turns spent in this place as a percentage of non-inter-level travel turns spent in the entire game.
 C = Inter-level travel turns spent in this place as a percentage of turns spent in this place.
 D = Turns resting spent in this place as a percentage of non-inter-level travel turns spent in this place.
 E = Turns spent auto-exploring this place as a percentage of non-inter-level travel turns spent in this place.
 F = Non-inter-level travel turns spent in this place divided by the number of levels of this place that you've seen.
                   A       B       C       D       E      F
               +-------+-------+-------+-------+-------+----------------------
         Total | 100.0 | 100.0 |  10.2 |   0.0 |   0.0 | 250.4
       Dungeon | 100.0 | 100.0 |  10.2 |   0.0 |   0.0 | 250.4
               +-------+-------+-------+-------+-------+----------------------

Table legend:
 A = Kills in this place as a percentage of kills in entire the game.
 B = Kills by you in this place as a percentage of kills by you in the entire game.
 C = Kills by friends in this place as a percentage of kills by friends in the entire game.
 D = Other kills in this place as a percentage of other kills in the entire game.
 E = Experience gained in this place as a percentage of experience gained in the entire game.
 F = Experience gained in this place divided by the number of levels of this place that you have seen.
                   A       B       C       D       E      F
               +-------+-------+-------+-------+-------+----------------------
         Total | 100.0 | 100.0 |   N/A |   N/A | 100.0 |  32.6
       Dungeon | 100.0 | 100.0 |   N/A |   N/A | 100.0 |  32.6
               +-------+-------+-------+-------+-------+----------------------

Vault maps used:
D:1:      dpeg_arrival_houses_and_road
D:2:      lemuel_round_altar, first_bread
D:3:      nicolae_ru_sacrificial_ziggurat, elyvilon_altar_5, uniq_sigmund
D:4:      minmay_temple_entry_statues_fountains, gup_sewer_entry_spiral
D:5:      nicolae_ashenzari_panopticon, uniq_duvessa, uniq_blork_the_orc
